General information
			
			
        
        - name: BNet
 
        - type: Ladder 1vs1/FFA
 
        - host: Battle.net
 
        - saver: OYoYeh
 
        
map: TwistedMeadows 
        - players: 2
 
        - length: 35:41
 
        - speed: Fast
 - version: 1.22 W3XP
 - replay type:  Public
 
» download(178 KB)
Players
        team 1 (winner) 
              
              
OYoYeh (
purple | 108 APM | 3849 actions | 35:41)
              
 4 Archmage 
 2 Blizzard
 2 Brilliance Aura
 4 Blood Mage 
 2 Flame Strike
 2 Siphon Mana
 
                » actions 
                
                | Assign group hotkey | 36 |  | 
| Basic commands | 96 |  | 
| Build / train | 122 |  | 
| ESC pressed | 7 |  | 
| Enter build submenu | 50 |  | 
| Enter hero's abilities submenu | 8 |  | 
| Give item / drop item | 3 |  | 
| Remove unit from queue | 3 |  | 
| Right click | 2011 |  | 
| Select / deselect | 783 |  | 
| Select group hotkey | 488 |  | 
| Use ability | 242 |  | 
                3849 total
 » units 
                
                | Peasant | 24 |  | 
| Priest | 7 |  | 
| Sorceress | 4 |  | 
                35 total
 » upgrades
                
                | Masonry | 2 |  | 
| Lumber Harvesting | 1 |  | 
| Magic Sentry | 1 |  | 
| Sorceress Training | 1 |  | 
| Priest Training | 1 |  | 
                6 total
 » buildings
                
                | Altar of Kings | 1 |  | 
| Farm | 5 |  | 
| Scout Tower | 52 |  | 
| Lumber Mill | 1 |  | 
| Arcane Tower | 11 |  | 
| Guard Tower | 27 |  | 
| Arcane Vault | 2 |  | 
| Keep | 1 |  | 
| Arcane Sanctum | 2 |  | 
| Town Hall | 2 |  | 
| Castle | 1 |  | 
                105 total
 » build order
                00:54 Altar of Kings
01:03 Farm
01:05 Scout Tower
01:31 Lumber Mill
01:36 Arcane Tower
02:11 Farm
02:37 Scout Tower
03:08 Guard Tower
03:32 Scout Tower
04:18 Arcane Vault
04:24 Guard Tower
04:27 Keep
04:38 Scout Tower
04:39 Scout Tower
04:43 Farm
05:10 Guard Tower
05:16 Farm
05:36 Arcane Tower
05:44 Scout Tower
07:00 Guard Tower
07:05 Scout Tower
07:10 Arcane Sanctum
07:14 Scout Tower
07:35 Arcane Tower
07:46 Guard Tower
09:58 Scout Tower
10:14 Scout Tower
10:40 Guard Tower
10:41 Arcane Tower
10:43 Guard Tower
10:50 Guard Tower
11:23 Scout Tower
11:56 Guard Tower
12:23 Scout Tower
12:23 Scout Tower
13:03 Arcane Tower
13:23 Guard Tower
13:42 Farm
18:38 Arcane Vault
20:02 Arcane Sanctum
20:15 Scout Tower
20:16 Scout Tower
20:17 Scout Tower
20:18 Scout Tower
20:19 Scout Tower
20:19 Scout Tower
20:20 Scout Tower
20:21 Scout Tower
20:31 Scout Tower
20:51 Guard Tower
21:16 Guard Tower
21:19 Arcane Tower
21:20 Guard Tower
21:59 Guard Tower
22:22 Guard Tower
22:25 Town Hall
23:02 Scout Tower
23:02 Scout Tower
23:04 Scout Tower
23:32 Guard Tower
23:49 Arcane Tower
24:34 Guard Tower
25:47 Scout Tower
26:14 Arcane Tower
27:17 Scout Tower
27:21 Scout Tower
27:22 Scout Tower
27:51 Guard Tower
27:55 Guard Tower
27:56 Scout Tower
28:32 Guard Tower
28:53 Guard Tower
29:16 Scout Tower
29:17 Scout Tower
29:49 Arcane Tower
31:35 Scout Tower
31:36 Scout Tower
31:38 Scout Tower
31:59 Scout Tower
31:59 Scout Tower
32:00 Scout Tower
32:01 Scout Tower
32:01 Scout Tower
32:13 Guard Tower
32:15 Arcane Tower
32:41 Guard Tower
33:07 Guard Tower
33:11 Town Hall
33:14 Scout Tower
33:15 Scout Tower
33:17 Scout Tower
33:38 Arcane Tower
33:39 Guard Tower
34:00 Guard Tower
34:31 Guard Tower
34:33 Scout Tower
34:55 Castle
35:18 Scout Tower
35:19 Scout Tower
35:20 Scout Tower
35:23 Scout Tower
35:24 Scout Tower
35:25 Scout Tower
35:26 Scout Tower
35:27 Scout Tower
» items
                
                | Staff of Teleportation | 2 |  | 
| Boots of Speed | 2 |  | 
| Scroll of Regeneration | 2 |  | 
| Potion of Healing | 14 |  | 
| Potion of Mana | 2 |  | 
| Lesser Clarity Potion | 3 |  | 
| Ivory Tower | 3 |  | 
                28 total
  
               team 2 (loser) 
              
              
laaaaaaaaaaaaaa (
pink | 288 APM | 10259 actions | 35:40)
              
 4 Death Knight 
 2 Death Coil
 1 Unholy Aura
 1 Death Pact
 4 Dark Ranger 
 2 Black Arrow
 2 Silence
 2 Lich 
 1 Frost Nova
 1 Frost Armor
 
                » actions 
                
                | Assign group hotkey | 83 |  | 
| Basic commands | 318 |  | 
| Build / train | 99 |  | 
| ESC pressed | 2 |  | 
| Enter build submenu | 26 |  | 
| Enter hero's abilities submenu | 11 |  | 
| Give item / drop item | 1 |  | 
| Right click | 3517 |  | 
| Select / deselect | 1158 |  | 
| Select group hotkey | 4845 |  | 
| Use ability | 199 |  | 
                10259 total
 » units 
                
                | Acolyte | 19 |  | 
| Ghoul | 4 |  | 
| Crypt Fiend | 24 |  | 
| Forest Troll Shadow Priest | 4 |  | 
| Obsidian Statue | 6 |  | 
| Meatwagon | 4 |  | 
| Abomination | 1 |  | 
                62 total
 » upgrades
                
                | Burrow | 1 |  | 
| Unholy Armor | 1 |  | 
| Web | 1 |  | 
| Destroyer Form | 1 |  | 
                4 total
 » buildings
                
                | Crypt | 1 |  | 
| Graveyard | 1 |  | 
| Altar of Darkness | 1 |  | 
| Ziggurat | 9 |  | 
| Tomb of Relics | 1 |  | 
| Nerubian Tower | 2 |  | 
| Halls of the Dead | 3 |  | 
| Slaughterhouse | 3 |  | 
| Black Citadel | 2 |  | 
                23 total
 » build order
                00:07 Crypt
00:09 Graveyard
00:40 Altar of Darkness
00:57 Ziggurat
01:26 Tomb of Relics
02:00 Ziggurat
02:03 Ziggurat
02:05 Ziggurat
03:38 Nerubian Tower
03:38 Nerubian Tower
04:00 Ziggurat
04:42 Halls of the Dead
04:42 Halls of the Dead
05:54 Ziggurat
07:04 Slaughterhouse
10:01 Black Citadel
10:01 Black Citadel
10:18 Slaughterhouse
10:58 Ziggurat
12:38 Slaughterhouse
14:23 Ziggurat
25:56 Ziggurat
» items
                
                | Rod of Necromancy | 3 |  | 
| Sacrificial Skull | 1 |  | 
| Scroll of Healing | 1 |  | 
| Staff of Teleportation | 1 |  | 
                6 total
  
                Chat log
          
(33:47 / All) laaaaaaaaaaaaaa: if i not lag like shit
(33:56 / All) OYoYeh: if u not noob as shit
(34:09 / All) laaaaaaaaaaaaaa: u will be go home  fuck u mum